 Seeded DCSS version 0.29.1-15-g9cfb28693d (webtiles) character file.

Game seed: 1 (custom seed)

2450 Kazon the Ducker (level 9, 0/96 HPs)
             Began as an Octopode Transmuter on Mar 23, 2023.
             Slain by a yak (2 damage)
             ... on level 6 of the Dungeon on Mar 24, 2023.
             The game lasted 00:21:21 (3736 turns).

Kazon the Ducker (Octopode Transmuter)              Turns: 3736, Time: 00:21:22

Health: 0/96       AC: 24    Str: 19    XL:     9   Next: 49%
Magic:  15/15      EV:  2    Int: 15    God:
Gold:   391        SH:  3    Dex: 13    Spells: 12/17 levels left

rFire   . . .      SeeInvis .   x - +7 demon trident of Vanity {freeze, *Rage rC+++ Str+6}
rCold   + + +      Faith    .   c - +0 buckler
rNeg    + . .      Spirit   .   (helmet currently unavailable)
rPois   +          Reflect  .   d - amulet of the acrobat
rElec   .          Harm     .   o - ring of positive energy
rCorr   .          Rampage  .   A - ring of protection from cold
Will    .....      Rage     20% (no ring)
Stlth   +++....... NoTele   +   (no ring)
HPRegen 0.26/turn               (no ring)
MPRegen 0.14/turn               (no ring)
                                (no ring)
                                (no ring)

@: tree-form (expiring), wereblooded (expiring), on berserk cooldown, slowed,
very slow
A: stationary, stasis, torment immunity, boosted hp, almost no armour,
(amphibious), 8 rings, (camouflage 1), (gelatinous body 1), (nimble swimmer 1),
(tentacles)
a: no special abilities


You were on level 6 of the Dungeon.
You were a tree.
You visited 1 branch of the dungeon, and saw 6 of its levels.

You collected 391 gold pieces.

Inventory:

Hand Weapons
 x - the +7 demon trident of Vanity (weapon) {freeze, *Rage rC+++ Str+6}
   (You acquired it on level 1 of the Dungeon)

   It freezes those it strikes, dealing additional cold damage.
   It can also slow down cold-blooded creatures.
   Str:       It affects your strength (+6).
   rC:        It renders you almost immune to cold.
   *Rage:     It berserks you when you make melee attacks (+20% chance).
Missiles
 h - 41 stones (quivered)
 k - 3 boomerangs
 m - a throwing net
 y - 2 curare-tipped darts
Armour
 c - a +0 buckler (worn)
Jewellery
 d - an amulet of the acrobat (around neck)
 o - a ring of positive energy (left branch)
 A - a ring of protection from cold (right branch)
Wands
 t - a wand of mindburst (20)
 u - a wand of flame (12)
Scrolls
 e - a scroll of teleportation {unknown}
 i - 8 scrolls of identify
 j - 2 scrolls of immolation {unknown}
 n - a scroll of fog {unknown}
 p - a scroll of poison {unknown}
 r - 2 scrolls of noise {unknown}
 s - a scroll of magic mapping {unknown}
 z - a scroll of enchant weapon {unknown}
Potions
 a - 2 potions of ambrosia {unknown}
 b - 2 potions of berserk rage {unknown}
 f - a potion of attraction {unknown}
 g - 2 potions of haste {unknown}
 l - a potion of flight {unknown}
 q - 3 potions of lignification
 v - a potion of cancellation {unknown}
 w - a potion of magic {unknown}


   Skills:
 * Level 7.0 Fighting
 + Level 6.4 Polearms
 + Level 4.1 Throwing
 * Level 7.5 Dodging
 + Level 4.4 Stealth
 + Level 3.6 Unarmed Combat
 + Level 4.6 Spellcasting
 + Level 4.7 Transmutations
 + Level 1.0 Air Magic
 + Level 1.3 Poison Magic
 * Level 2.4 Evocations


You had 12 spell levels left.
You knew the following spells:

 Your Spells              Type           Power      Damage    Failure   Level
a - Beastly Appendage     Tmut           34%        N/A       3%          1
b - Wereblood             Tmut           17%        N/A       4%          2
c - Poisonous Vapours     Pois/Air       12%        N/A       22%         2

Your spell library contained the following spells:

 Spells                   Type           Power      Damage    Failure   Level
 Sting                    Tmut/Pois      48%        1d5       7%          1
 Spider Form              Tmut/Pois      12%        N/A       21%         3
 Apportation              Tloc           6%         N/A       24%         1
 Necrotise                Necr           12%        1d4       24%         1
 Summon Small Mammal      Summ           12%        N/A       24%         1
 Ice Form                 Ice/Tmut       10%        N/A       65%         4
 Olgreb's Toxic Radiance  Pois           7%         N/A       80%         4
 Fireball                 Conj/Fire      1%         3d3       100%        5
 Iskenderun's Battlesphe  Conj           3%         2d6       100%        5
 Conjure Ball Lightning   Conj/Air       2%         3x3d6     100%        6
 Orb of Destruction       Conj           1%         9d5       100%        7


Dungeon Overview and Level Annotations

Branches:
Dungeon (6/15)
 Temple: D:4-7

Altars:
Hepliaklqana

Shops:
D:3 (


Innate Abilities, Weirdness & Mutations

You are a tree.
Your roots penetrate the ground, keeping you stationary.
You cannot be teleported.
You are immune to unholy pain and torment.
Your maximum health is greatly increased.
You cannot wear most types of armour.
((You are amphibious.))
You can wear up to eight rings at the same time.
((Your skin changes colour to match your surroundings (Stealth+).))
((Your rubbery body absorbs attacks. (AC +1, EV +1)))
((You are camouflaged when in or above water. (Stealth+)))
((You have tentacles for arms and can constrict up to eight enemies at once.))


Message History

You hit the sky beast. You freeze the sky beast.
You feel a bit better.
You kill the sky beast!
You creak as the wereblood boils in your veins!
The centaur shoots an arrow.
The arrow hits you but does no damage.
The centaur shoots an arrow.
The arrow hits you.
* * * LOW HITPOINT WARNING * * *
You hit the jelly. You freeze the jelly.
Your branches burn!
* * * LOW HITPOINT WARNING * * *
The jelly is moderately wounded.
You creak as the wereblood boils in your veins!
The jelly hits you but does no damage. x2
You puncture the jelly! You freeze the jelly.
Your branches burn!
* * * LOW HITPOINT WARNING * * *
The jelly is almost dead.
You creak as the wereblood boils in your veins!
The jelly hits you but does no damage.
You puncture the jelly! You freeze the jelly.
You feel a bit better.
You kill the jelly!
Your primal bloodlust is almost over.
The centaur shoots an arrow.
The arrow hits you but does no damage. You block the yak's attack.
Your Fighting skill increases to level 7!
You impale the yak!! You freeze the yak.
The yak is severely wounded.
The yak gores you.
* * * LOW HITPOINT WARNING * * *
You closely miss the yak. Your punch misses the yak.
The yak is severely wounded.
You creak as the wereblood boils in your veins!
The yak gores you but does no damage. x2
You puncture the yak! You freeze the yak.
The yak is almost dead.
You creak as the wereblood boils in your veins!
You block the yak's attack. The yak gores you.
* * * LOW HITPOINT WARNING * * *
You barely miss the yak.
The yak is almost dead.
Your transformation is almost over.
The yak gores you.
You die...

##.## #.. ..... #..####
... ### #..#[.##... #.?#
#..#...##.##Y..# #
#..##...#.#.Sn# .#
#####...##.)#.#'.# ..###
....#....###...###......
....#........8cY♣.....#
....#....###...###...##
....#...##.'#)#).# ..#
.......##...#.#...# .#
.......#... #.##...# #
#.##...#$Y ... #.?#
#.##.#.### ... ###
...#.#... .....
#.##.##### ...##


You could see a yak and a centaur.

Vanquished Creatures
  Eustachio (D:5)
  Menkaure (D:5)
  Edmund (D:6)
  2 water moccasins
  An orc warrior (D:6)
  3 sky beasts
  2 black bears (D:6)
  2 centaurs (D:5)
  An ogre (D:6)
  3 necrophages
  5 scorpions
  A howler monkey (D:5)
  A jelly (D:6)
  A hound (D:4)
  An orc priest (D:3)
  3 iguanas
  Robin (D:3)
  6 gnolls
  10 adders
  A shadow imp (D:6)
  An ufetubus (D:5)
  3 worms
  8 orcs
  11 endoplasms
  A giant cockroach (D:1)
  16 goblins
  9 hobgoblins
  A jackal (D:4)
  4 kobolds
  A quokka (D:1)
  5 ball pythons
  4 bats
  3 frilled lizards
  6 rats
120 creatures vanquished.

Notes
Turn   | Place    | Note
-------+----------+-------------------------------------------
     0 | D:1      | Kazon the Octopode Transmuter began the quest for the Orb.
     0 | D:1      | Reached XP level 1. HP: 13/13 MP: 3/3
    46 | D:1      | Identified a scroll of acquirement
    46 | D:1      | Acquired the +7 demon trident of Vanity {freeze, *Rage
                  | rC+++ Str+6}
   113 | D:1      | Reached XP level 2. HP: 18/18 MP: 5/5
   643 | D:2      | Reached XP level 3. HP: 23/23 MP: 4/6
   814 | D:2      | Reached skill level 1 in Stealth
  1037 | D:2      | Reached skill level 1 in Polearms
  1165 | D:2      | Reached XP level 4. HP: 28/28 MP: 7/7
  1182 | D:2      | Learned a level 2 spell: Wereblood
  1185 | D:2      | Learned a level 2 spell: Poisonous Vapours
  1335 | D:3      | Found Umat's Antique Weapon Boutique.
  1492 | D:3      | Noticed Robin
  1499 | D:3      | Killed Robin
  1500 | D:3      | Reached XP level 5. HP: 33/33 MP: 5/8
  1771 | D:3      | Reached skill level 5 in Polearms
  1771 | D:3      | Reached XP level 6. HP: 46/46 MP: 8/12
  2095 | D:4      | Reached XP level 7. HP: 52/52 MP: 13/13
  2700 | D:4      | Found a hazy altar of Hepliaklqana.
  2850 | D:5      | Entered Level 5 of the Dungeon
  2906 | D:5      | Noticed Eustachio
  2949 | D:5      | Reached skill level 1 in Evocations
  2949 | D:5      | Reached XP level 8. HP: 58/58 MP: 14/14
  2960 | D:5      | Killed Eustachio
  3477 | D:5      | Noticed Menkaure
  3484 | D:5      | Killed Menkaure
  3661 | D:6      | Reached skill level 1 in Poison Magic
  3661 | D:6      | Reached XP level 9. HP: 63/63 MP: 9/15
  3687 | D:6      | Noticed Edmund
  3695 | D:6      | Killed Edmund
  3722 | D:6      | Reached skill level 1 in Air Magic
  3730 | D:6      | HP: 3/94 [acid (3)]
  3735 | D:6      | HP: 2/96 [yak (3)]
  3736 | D:6      | Slain by a yak

Illustrated notes

Levels and vault maps discovered:
D:1:      dpeg_arrival_three_smaller_balls, layout_basic
D:2:      layout_loops_ring
D:3:      layout_basic, serial_shops, nicolae_shop_stone, st_stairs_9,
          minmay_misc_feat_doors, eino_curves_03, uniq_robin
D:4:      minmay_wonky_spiral, layout_basic,
          mainiacjoe_overflow_surrounded_room, minivault_5
D:5:      layout_cave_pods, uniq_menkaure, uniq_eustachio
D:6:      cheibrodos_barr_body, layout_basic, minmay_crystal_room,
          minmay_pentangle, uniq_maggie, uniq_edmund

Skill      XL: |  1  2  3  4  5  6  7  8  9 |
---------------+----------------------------+-----
Stealth        | 1 2 3 4 |  4.4
Polearms       | 1 2 5 6 |  6.4
Fighting       | 6 7 |  7.0
Throwing       | 3 4 |  4.1
Dodging        | 6 7 |  7.5
Spellcasting   | 4 |  4.6
Transmutations | 4 |  4.7
Evocations     | 1 2 |  2.4
Poison Magic   | 1 |  1.3
Air Magic      | 1 |  1.0
Unarmed Combat | |  3.6

Action                   |  1- 3 |  4- 6 |  7- 9 || total
-------------------------+-------+-------+-------++-------
Melee: Demon trident     |    43 |    61 |   104 ||   208
       Constrict         |     6 |     9 |    12 ||    27
       Tentacles         |     4 |     3 |    10 ||    17
       Punch             |     2 |       |     2 ||     4
       Kick              |     3 |       |     9 ||    12
Throw: Stone             |     2 |     7 |     8 ||    17
       Boomerang         |     1 |     1 |       ||     2
 Cast: Beastly Appendage |     8 |     2 |     5 ||    15
       Wereblood         |       |     3 |     2 ||     5
       Poisonous Vapours |       |       |    10 ||    10
  Use: Scroll            |     1 |       |     1 ||     2
       Potion            |       |     1 |     1 ||     2
 Stab: Sleeping          |     9 |     4 |    13 ||    26
Armor: Skin              |       |     4 |    26 ||    30
Dodge: Dodged            |    17 |    36 |    47 ||   100
Block: Buckler           |       |       |     7 ||     7
